 Dungeon Crawl Stone Soup version 0.17.0-17-ge4ba49f (console) character file.

1281 Kloppie the Ducker (level 8, -1/60 HPs)
             Began as a Minotaur Enchanter on Nov 10, 2015.
             Was a Follower of Dithmenos.
             Slain by Grinder (5 damage)
             ... on level 6 of the Dungeon.
             The game lasted 00:17:12 (6358 turns).

Kloppie the Ducker (Minotaur Enchanter)             Turns: 6358, Time: 00:17:12

Health: -1/60      AC:  5    Str: 13      XL:     8   Next: 29%
Magic:  9/9        EV: 15    Int: 10 (13) God:    Dithmenos [*.....]
Gold:   223        SH:  0    Dex: 12      Spells: 4 memorised, 0 levels left

rFire  . . .     SeeInvis .     C - +0 dagger (drain)
rCold  . . .     Clarity  .     b - +1 robe
rNeg   . . .     SustAt   .     (no shield)
rPois  .         Gourm    .     (helmet restricted)
rElec  .         Spirit   .     o - +0 cloak
rCorr  .         Warding  .     E - +0 pair of gloves (curse)
rMut   .         Stasis   .     (no boots)
MR     .....                    (no amulet)
Stlth  ++........               (no ring)
                                (no ring)

@: very slightly contaminated, hasted, wreathed by umbra, very quick, not
resistant to hostile enchantments, unstealthy
A: retaliatory headbutt, horns 2
a: Renounce Religion


You were on level 6 of the Dungeon.
You worshipped Dithmenos.
Dithmenos was aware of your devotion.
You were not hungry.

You visited 1 branch of the dungeon, and saw 6 of its levels.

You collected 223 gold pieces.

Inventory:

Hand Weapons
 k - a +0 short sword
 x - a +1 dagger of venom
 C - a +0 dagger of draining (weapon)
 D - a +0 dagger of venom
Armour
 b - a +1 robe (worn)
 j - a +0 scale mail
 o - a +0 cloak (worn)
 E - a cursed +0 pair of gloves (worn)
Jewellery
 n - an uncursed ring of flight {unknown}
 y - an uncursed ring of sustain attributes {unknown}
Scrolls
 l - 2 scrolls of teleportation
 m - a scroll of blinking {unknown}
 p - a scroll of identify {unknown}
 t - 2 scrolls of remove curse {unknown}
 A - a scroll of magic mapping {unknown}
 F - a scroll of acquirement {unknown}
Potions
 a - 2 potions of agility {unknown}
 e - a potion of haste
 f - 2 potions of might {unknown}
 g - a potion of degeneration
 h - a potion of ambrosia {unknown}
 q - 2 potions of lignification
 r - a potion of heal wounds {unknown}
 s - a potion of poison {unknown}
 B - a potion of mutation {unknown}
 G - a potion of magic {unknown}
Books
 c - a book of Maledictions

   Spells                             Type                      Level
   a - Corona                         Hexes                        1
   b - Ensorcelled Hibernation        Hexes/Ice                    2
   c - Confuse                        Hexes                        3
   d - Tukima's Dance                 Hexes                        3
   e - Dazzling Spray                 Conjuration/Hexes            3
Comestibles
 d - 6 bread rations
 i - a beef jerky
 u - a slice of pizza
 w - a royal jelly
 z - a meat ration
 H - 2 chunks of flesh


   Skills:
 + Level 1.7 Fighting
 + Level 7.0 Short Blades
 - Level 7.0 Dodging
 - Level 2.4 Stealth
 - Level 1.3 Spellcasting
 + Level 3.6 Hexes


You couldn't memorise any spells.
You knew the following spells:

 Your Spells              Type           Power        Failure   Level  Hunger
a - Corona                Hex            #......      10%         1    ##.....
b - Ensorcelled Hibernat  Hex/Ice        #.....       24%         2    ###....
c - Confuse               Hex            #.......     28%         3    ####...
d - Tukima's Dance        Hex            #.......     28%         3    ####...


Dungeon Overview and Level Annotations

Branches:
Dungeon (6/15)             Temple (0/1) D:5

Altars:
Ashenzari
Dithmenos
Vehumet

Annotations:
D:6 Grinder; P0WERM0DE's ghost, novice DsNe


Innate Abilities, Weirdness & Mutations

You reflexively headbutt those who attack you in melee.
You have a pair of horns on your head.


Message History

Drink which item? (? for menu, Esc to quit)
You feel better.
You barely miss Grinder. Your headbutt misses Grinder.
Grinder is severely wounded.
Grinder hits you but does no damage.
You closely miss Grinder.
Grinder is severely wounded.
You hit Grinder. Your headbutt misses Grinder.
Grinder is severely wounded.
You hit Grinder but do no damage.
Grinder is severely wounded.
Grinder hits you but does no damage.
You closely miss Grinder. Your headbutt misses Grinder.
Grinder is severely wounded.
You closely miss Grinder.
Grinder is severely wounded.
Grinder hits you.
* * * LOW HITPOINT WARNING * * *
You writhe in agony.
You die...

### ############.## .
###.@...........#
...####.#5##########.##
...5......# #.#
..##.....# #.# ##...##
#.# ##.## #.# #.# #.#
#.# #.# . ##+## ####.#


You could see Grinder.

Vanquished Creatures
  Eustachio (D:6)
  2 ice beasts (D:5)
  4 ogres
  A giant frog (D:5)
  A jelly (D:5)
  A scorpion (D:5)
  An orc priest (D:5)
  A crimson imp (D:5)
  A giant frog skeleton (D:4)
  3 orc wizards
  A centaur skeleton (D:6)
  An iguana (D:4)
  4 worker ants
  5 adders
  3 shadow imps (D:5)
  An ooze (D:3)
  An adder skeleton (D:5)
  A worm (D:5)
  5 giant geckos
  8 orcs
  5 ball pythons
  5 giant cockroaches
  7 hobgoblins
  10 jackals
  3 quokkas
  17 bats
  5 giant newts
  4 goblins
  9 kobolds
  A quokka skeleton (D:5)
  6 rats
118 creatures vanquished.

Notes
Turn   | Place    | Note
--------------------------------------------------------------
     0 | D:1      | Kloppie the Minotaur Enchanter began the quest for the Orb.
     0 | D:1      | Reached XP level 1. HP: 14/14 MP: 1/1
   455 | D:1      | Reached XP level 2. HP: 18/20 MP: 3/3
   583 | D:1      | Learned a level 2 spell: Ensorcelled Hibernation
   986 | D:2      | Reached skill level 3 in Dodging
  1010 | D:2      | Reached XP level 3. HP: 26/26 MP: 4/4
  1598 | D:3      | Found a shattered altar of Ashenzari.
  1769 | D:3      | Reached XP level 4. HP: 30/33 MP: 5/5
  2413 | D:3      | Found a radiant altar of Vehumet.
  2737 | D:4      | Reached skill level 4 in Dodging
  2883 | D:4      | Found a shadowy altar of Dithmenos.
  2924 | D:4      | Became a worshipper of Dithmenos the Shadowed
  3009 | D:4      | Reached XP level 5. HP: 34/38 MP: 6/6
  3087 | D:4      | Noticed an ogre
  3135 | D:5      | Entered Level 5 of the Dungeon
  3440 | D:5      | Noticed an ogre
  3443 | D:5      | Noticed an ice beast
  3457 | D:5      | Noticed an ogre
  3464 | D:5      | Found a staircase to the Ecumenical Temple.
  3581 | D:5      | Reached skill level 5 in Dodging
  3717 | D:5      | Reached XP level 6. HP: 45/45 MP: 7/7
  3920 | D:5      | Killed an ogre
  3920 | D:5      | Reached skill level 5 in Short Blades
  4503 | D:5      | Reached XP level 7. HP: 42/50 MP: 8/8
  4585 | D:5      | Killed an ogre
  4585 | D:5      | Reached skill level 6 in Dodging
  4649 | D:5      | Reached * piety under Dithmenos
  5055 | D:5      | Killed an ice beast
  5473 | D:4      | Noticed an ogre
  5484 | D:4      | Killed an ogre
  5484 | D:4      | Reached XP level 8. HP: 57/57 MP: 9/9
  5599 | D:4      | Killed an ogre
  5766 | D:4      | Reached skill level 7 in Dodging
  5968 | D:5      | Learned a level 3 spell: Confuse
  5972 | D:5      | Learned a level 3 spell: Tukima's Dance
  5986 | D:6      | Noticed P0WERM0DE's ghost (novice DsNe)
  6036 | D:6      | Noticed Eustachio
  6246 | D:6      | Killed Eustachio
  6246 | D:6      | Reached skill level 1 in Fighting
  6311 | D:6      | Noticed Grinder
  6324 | D:6      | Paralysed by Grinder for 6 turns
  6351 | D:6      | HP: 3/60 [Grinder (4)]
  6351 | D:6      | HP: 1/60 [Grinder (2)]
  6358 | D:6      | Slain by Grinder

Action                   |  1- 3 |  4- 6 |  7- 9 || total
-------------------------+-------+-------+-------++-------
Melee: Dagger            |    21 |    41 |   186 ||   248
       Short sword       |    99 |   173 |    10 ||   282
  Use: Scroll            |       |     2 |       ||     2
       Potion            |       |       |     7 ||     7
 Stab: Sleeping          |     1 |       |       ||     1
  Eat: Chunk             |     3 |     8 |     5 ||    16
       Pizza             |       |       |     1 ||     1
